 Dungeon Crawl Stone Soup version 0.31-a0-1603-gbec6b6ccbf (webtiles) character file.

Game seed: 14216667959969708210

476 bobo the Magician (level 7, -2/54 HPs)
             Began as a Djinni Conjurer on Jan 8, 2024.
             Killed by divine providence
             ... invoked by an orc priest
              (12 damage)
             ... on level 4 of the Dungeon.
             The game lasted 00:08:43 (2726 turns).

bobo the Magician (Djinni Conjurer)                 Turns: 2726, Time: 00:08:44

Health: -2/54      AC:  2    Str:  6    XL:     7   Next: 33%
Gold:   179        EV: 12    Int: 21    God:
                   SH:  0    Dex: 18

rFire   + + .        c - +0 short sword
rCold   x . .        (no shield)
rNeg    . . .        a - +0 robe
rPois   ∞            (no helmet)
rElec   .            (no cloak)
rCorr   .            (no gloves)
SInv    .            (boots unavailable)
Will    .....        (no amulet)
Stlth   ++           m - +6 ring of dexterity
HPRegen 0.29/turn    (no ring)
MPRegen 0.00/turn

%: infuse magic (-3 HP)
@: flying
A: sickness immunity, fire resistance 2, cold vulnerability 1, float, innate
caster, HP casting, extra vitality 1
a: no special abilities


You were on level 4 of the Dungeon.
You visited 1 branch of the dungeon, and saw 4 of its levels.

You collected 179 gold pieces.

Inventory:

Hand Weapons
 c - a +0 short sword (weapon)
Armour
 a - a +0 robe (worn)
Jewellery
 m - a +6 ring of dexterity (left hand)
Scrolls
 g - 3 scrolls of immolation
Potions
 b - a potion of brilliance {unknown}
 d - 2 potions of mutation
 f - a potion of attraction {unknown}
 h - 2 potions of berserk rage
 i - a potion of lignification {unknown}
 l - a potion of curing {unknown}
 n - a potion of heal wounds {unknown}
 o - a potion of might {unknown}


   Skills:
 + Level 5.0 Fighting
 - Level 2.1 Dodging
 - Level 1.5 Stealth
 + Level 5.2 Spellcasting
 + Level 5.2 Conjurations
 + Level 5.2 Hexes
 + Level 5.2 Summonings
 + Level 5.2 Necromancy
 + Level 5.2 Translocations
 + Level 5.2 Fire Magic
 + Level 5.2 Ice Magic
 + Level 5.2 Air Magic
 + Level 5.2 Earth Magic
 + Level 5.2 Alchemy


You knew the following spells:

 Your Spells              Type           Power      Damage    Failure   Level
a - Magic Dart            Conj           100%       1d8       1%          1
b - Sting                 Conj/Alch      100%       1d9       1%          1
c - Fulminant Prism       Conj/Alch      13%        3d9       12%         4
d - Lesser Beckoning      Tloc           54%        N/A       1%          2
e - Confusing Touch       Hex            27%        N/A       3%          3
s - Searing Ray           Conj           54%        2d6       1%          2
x - Iskenderun's Mystic   Conj/Tloc      27%        2d7       12%         4
Your spell library was empty.

Dungeon Overview and Level Annotations

Branches:
Dungeon (4/15)
 Temple: D:4-7

Altars:
Okawaru

Annotations:
D:4 1 exclusion


Innate Abilities, Weirdness & Mutations

You are immune to sickness and miasma.
You are immune to poison.
Your flesh is very heat resistant. (rF++)
You are vulnerable to cold. (rC-)
You float through the air rather than walking.
You learn spells naturally, not from books.
Your magical power is your life essence.
You have superior vitality. (+4 MHP)


Message History

Your Fighting skill increases to level 5!
Casting: Magic Dart (safe; 1% risk of failure)
Confirm with . or Enter, or press ? or * to list all spells.
Aiming: Magic Dart (safe; 1% risk of failure)
Press: ? - help, Shift-Dir - straight line, f/p - hobgoblin
Aim: a hobgoblin (100% to hit)
The magic dart hits the hobgoblin.
You kill the hobgoblin!
Found a mace.
An orc comes into view. It is wielding a +0 short sword.
Found a stone staircase leading down.
Your magical contamination has completely faded away.
You now have 179 gold pieces (gained 10).
Things that are here:
a +0 dagger; a goblin corpse An orc comes into view.
It is wielding a +2 heavy flail.
An orc comes into view. It is wielding a +0 dagger.
A sleepcap comes into view.
The orc moves out of view.
A hobgoblin comes into view.
You see here a scroll of identify.
The orc hits you but does no damage.
A sleepcap comes into view.
The orc barely misses you.
Things that are here:
a +0 dagger; a goblin corpse An orc priest comes into view.
It is wielding a +0 hand axe.
The orc priest shouts!
The orc attacks as it pursues you! The orc closely misses you.
The orc priest mumbles some strange prayers to Beogh against you.
Beogh smites you!
* * * LOW HITPOINT WARNING * * *
As you read the scroll labelled ERHEACU XANN, it crumbles to dust.
Wisps of shadow whirl around you...
It was a scroll of summoning.
You hear the slow hiss of a very distant avalanche of sand.
The orc hits you with a +0 short sword.
* * * LOW HITPOINT WARNING * * *
The orc priest invokes the aid of Beogh against you.
Beogh smites you!
You die...

#.###..#..#.......#
.......f).?.......
###)...#.........
##.....#........
#....o..........
#..#o.##..#..#..
#.....##.#..#..# ##
##og...o........# .######
#@Bh....#..o..#.. ......#
#h......# ... .####.#
#####.#..........
....#.######....h.#.........
.##.......##.###..####.#####
..†............#..## .#
.##)##.##.##.......? .#
###)...##.##.#.##.### #
###)#####.##.#..#.#


You could see a sleepcap, an orc priest, 3 orcs, a hobgoblin (ally target), a
friendly bombardier beetle (summoned) and 3 friendly jackals.

Vanquished Creatures
  Sigmund (D:3)
  The ghost of BigPumpCobain the Shooter, a weakling MiHu (D:3)
  2 orc priests (D:4)
  A sleepcap (D:4)
  An iguana (D:4)
  2 orc wizards
  2 adders
  A ribbon worm (D:2)
  2 dart slugs
  7 orcs
  7 ball pythons
  7 bats
  5 endoplasms
  6 giant cockroaches
  6 hobgoblins
  6 jackals
  4 kobolds
  5 quokkas
  A frilled lizard (D:1)
  6 goblins
  4 rats
77 creatures vanquished.

Vanquished Creatures (others)
  4 fulminant prisms (D:4)
4 creatures vanquished.

Grand Total: 81 creatures vanquished

Notes
Turn   | Place    | Note
-------+----------+-------------------------------------------
     0 | D:1      | bobo the Djinni Conjurer began the quest for the Orb.
     0 | D:1      | bobo set off with the following spells memorised: Magic
                  | Dart, Searing Ray, Fulminant Prism, Iskenderun's Mystic
                  | Blast.
     0 | D:1      | Reached XP level 1. HP: 15/15 MP: 0/0
   153 | D:1      | Reached XP level 2. HP: 21/22 MP: 0/0
   176 | D:1      | Reached skill level 1 in Fighting
   284 | D:1      | Reached XP level 3. HP: 12/27 MP: 0/0
   284 | D:1      | Learned a level 1 spell: Sting
  1227 | D:2      | Reached XP level 4. HP: 26/33 MP: 0/0
  1738 | D:3      | Found an iron altar of Okawaru.
  1846 | D:3      | Found a runed translucent door.
  1847 | D:3      | Noticed BigPumpCobain's ghost (weakling MiHu)
  1902 | D:3      | Noticed Sigmund
  1910 | D:3      | Killed Sigmund
  1911 | D:3      | Reached XP level 5. HP: 27/41 MP: 0/0
  1911 | D:3      | Learned a level 2 spell: Lesser Beckoning
  1911 | D:3      | Reached XP level 6. HP: 31/47 MP: 0/0
  2176 | D:3      | Found a faded altar of an unknown god.
  2551 | D:3      | Killed BigPumpCobain's ghost
  2604 | D:4      | Reached skill level 5 in Spellcasting
  2604 | D:4      | Reached skill level 5 in Conjurations
  2604 | D:4      | Reached skill level 5 in Hexes
  2604 | D:4      | Reached skill level 5 in Summonings
  2604 | D:4      | Reached skill level 5 in Necromancy
  2604 | D:4      | Reached skill level 5 in Translocations
  2604 | D:4      | Reached skill level 5 in Fire Magic
  2604 | D:4      | Reached skill level 5 in Ice Magic
  2604 | D:4      | Reached skill level 5 in Air Magic
  2604 | D:4      | Reached skill level 5 in Earth Magic
  2604 | D:4      | Reached skill level 5 in Alchemy
  2606 | D:4      | Reached XP level 7. HP: 28/53 MP: 0/0
  2606 | D:4      | Learned a level 3 spell: Confusing Touch
  2709 | D:4      | Reached skill level 5 in Fighting
  2726 | D:4      | Killed from afar by an orc priest

Illustrated notes

Levels and vault maps discovered:
D:1:      wander_arrival_fairy_ring, layout_basic
D:2:      layout_rooms, dreamdust_mushroom_princess, chequers_arboretum
D:3:      layout_basic, kennysheep_okawaru_gauntlet, gammafunk_ghost_grave,
          hellmonk_ecumenical_altar_blasted, uniq_sigmund
D:4:      layout_loops_cross, nicolae_ossuary_entry_monument,
          hangedman_abyss_or_decor_lesser_grid, uniq_crazy_yiuf_cottage

Skill      XL: |  1  2  3  4  5  6  7 |
---------------+----------------------+-----
Fighting       | 1 2 4 5 |  5.0
Spellcasting   | 4 5 |  5.2
Conjurations   | 4 5 |  5.2
Hexes          | 4 5 |  5.2
Summonings     | 4 5 |  5.2
Necromancy     | 4 5 |  5.2
Translocations | 4 5 |  5.2
Fire Magic     | 4 5 |  5.2
Ice Magic      | 4 5 |  5.2
Air Magic      | 4 5 |  5.2
Earth Magic    | 4 5 |  5.2
Alchemy        | 4 5 |  5.2
Dodging        | |  2.1
Stealth        | |  1.5

Action                     |  1- 3 |  4- 6 |  7- 9 || total
---------------------------+-------+-------+-------++-------
  Melee: Short sword       |       |       |    17 ||    17
   Cast: Magic Dart        |    79 |    33 |     6 ||   118
         Searing Ray       |     3 |     4 |     1 ||     8
         Sting             |       |     7 |       ||     7
         Fulminant Prism   |       |     1 |     3 ||     4
         Confusing Touch   |       |       |     2 ||     2
    Use: Scroll            |       |     4 |     1 ||     5
   Stab: Confused          |       |       |     3 ||     3
 Armour: Robe              |     4 |     4 |     9 ||    17
  Dodge: Dodged            |     8 |     4 |    10 ||    22

Table legend: (Time is in decaauts)
 A = Elapsed time spent in this place.
 B = Non-inter-level travel time spent in this place.
 C = Inter-level travel time spent in this place.
 D = Time resting spent in this place.
 E = Time spent auto-exploring this place.
 F = Levels seen in this place.
 G = Mean time per level.
                   A        B        C        D        E       F      G
               +--------+--------+--------+--------+--------+-----+--------+
         Total |   2724 |   2602 |    122 |     66 |   2094 |   4 |  681.0 |
       Dungeon |   2724 |   2602 |    122 |     66 |   2094 |   4 |  681.0 |
               +--------+--------+--------+--------+--------+-----+--------+

Top non-repeatable levels by time:
     D:3: 1087 daAuts
     D:1: 877 daAuts
     D:2: 606 daAuts
     D:4: 152 daAuts
